 Dungeon Crawl Stone Soup version 0.22-a0-284-g99d1f74 (webtiles) character file.

246 vishdafish the Shield-Bearer (level 6, -7/49 HPs)
             Began as a Formicid Fighter on Mar 22, 2018.
             Was an Initiate of the Shining One.
             Mangled by an angel
             ... wielding a +1 sacred scourge of holy wrath
              (17 damage)
             ... on level 3 of the Dungeon.
             The game lasted 00:05:05 (2729 turns).

vishdafish the Shield-Bearer (Formicid Fighter)     Turns: 2729, Time: 00:05:06

Health: -7/49      AC:  8    Str: 20    XL:     6   Next: 33%
Magic:  6/6        EV:  8    Int: 10    God:    the Shining One [......]
Gold:   217        SH:  9    Dex: 10    Spells: 5/5 levels left

rFire    . . .     SeeInvis +   a - +0 war axe
rCold    . . .     Gourm    .   c - +0 shield
rNeg     . . .     Faith    .   b - +0 scale mail
rPois    .         Spirit   .   (helmet unavailable)
rElec    .         Reflect  .   p - +0 cloak (curse)
rCorr    .         Harm     .   (no gloves)
MR       .....                  (no boots)
Stlth    ..........             (no amulet)
HPRegen  0.16/turn              (no ring)
MPRegen  0.10/turn              (no ring)

@: glowing
A: permanent stasis, dig shafts and tunnels, four strong arms, antennae 3
a: Dig, Shaft Self, Renounce Religion


You were on level 3 of the Dungeon.
You worshipped the Shining One.
The Shining One was noncommittal.
You were hungry.

You visited 1 branch of the dungeon, and saw 3 of its levels.

You collected 217 gold pieces.

Inventory:

Hand Weapons
 a - a +0 war axe (weapon)
Missiles
 g - 5 tomahawks of returning (quivered)
 v - 25 bolts
Armour
 b - a +0 scale mail (worn)
 c - a +0 shield (worn)
 p - a cursed +0 cloak (worn)
Wands
 x - a wand of disintegration (17)
Scrolls
 e - 5 scrolls of identify {unknown}
 i - 2 scrolls of teleportation {unknown}
 j - 3 scrolls of remove curse {unknown}
 l - 3 scrolls of noise {unknown}
 m - a scroll of random uselessness {unknown}
 n - a scroll of amnesia {unknown}
 q - a scroll of fear {unknown}
 t - a scroll of enchant weapon {unknown}
 y - a scroll of fog {unknown}
Potions
 d - a potion of might
 h - a potion of curing {unknown}
 k - a potion of heal wounds {unknown}
 o - 2 potions of mutation {unknown}
 r - a potion of ambrosia {unknown}
 s - a potion of magic {unknown}
 u - a potion of brilliance {unknown}
 w - a potion of cancellation {unknown}
Comestibles
 f - 2 rations


   Skills:
 + Level 4.3 Fighting
 * Level 4.1 Axes
 - Level 4.0 Armour
 + Level 1.2 Dodging
 + Level 4.8 Shields


You had 5 spell levels left.
You didn't know any spells.

Dungeon Overview and Level Annotations

Branches:
Dungeon (3/15)

Altars:
Nemelex Xobeh
Qazlal
Uskayaw
The Shining One


Innate Abilities, Weirdness & Mutations

You cannot be hasted, slowed, berserked, paralysed or teleported.
You can dig through walls and to a lower floor.
Your four strong arms can wield two-handed weapons with a shield.
You have a pair of large antennae on your head. (SInv)


Message History

Okay, then.
As you open the door, it creaks loudly!
There is an open door here.
The angel hits you with a sacred scourge of holy wrath!
The angel hits you with a sacred scourge of holy wrath.
There is a glowing golden altar of the Shining One here.
You kneel at the altar of the Shining One.
The Shining One welcomes you!
You are feeling hungry.
The angel closely misses you.
The angel hits you with a sacred scourge of holy wrath!
You extend your mandibles.
There are no items here.
Are you sure you want to shaft yourself?
You feel quite a bit more hungry.
The angel hits you with a sacred scourge of holy wrath!
* * * LOW HITPOINT WARNING * * *
You block the angel's attack.
The angel hits you with a sacred scourge of holy wrath!
You die...

.############ #.### #.#..... ..##
##...# #.#.#### ...#### ##....#
#.#.# ......# ##....)## #>#.#
......# ##..###..## #.#.#
......######..##>##..## #<#.#
.............###.###..# #.#.#
...##.####..####.####.####...####
...##.# ##.#>..@A.>#...........#
[..##.# #.####.'###.####.####.#
##.##.# #..###.#.#..# #.# #.#
##.##.# ##..##>##..## #.# #.#
...##.# ##..###...# #.# #.#
#####.# ##.....#.#####.# #.# #
#.# ###.###.......####.# # #.#
#................. # #.#
#####.####.....#.#


You could see an angel.

Vanquished Creatures
  The ghost of vishdafish the Poker, an amateur DrWr (D:3)
  3 adders
  A worm (D:2)
  3 dart slugs
  An orc (D:3)
  8 bats
  3 giant cockroaches
  6 goblins
  11 hobgoblins
  5 jackals
  A quokka (D:2)
  3 ball pythons
  7 frilled lizards
  7 kobolds
  12 rats
72 creatures vanquished.

Notes
Turn   | Place    | Note
-------+----------+-------------------------------------------
     0 | D:1      | vishdafish the Formicid Fighter began the quest for the Orb.
     0 | D:1      | Reached XP level 1. HP: 18/18 MP: 1/1
   123 | D:1      | Reached XP level 2. HP: 24/24 MP: 2/2
   402 | D:1      | Reached XP level 3. HP: 27/29 MP: 3/3
  1022 | D:2      | Reached XP level 4. HP: 31/37 MP: 4/4
  1038 | D:2      | Found a sparkling altar of Nemelex Xobeh.
  1182 | D:2      | Noticed a dagger
  1182 | D:2      | Noticed a hand axe
  1183 | D:2      | Found a hide-covered altar of Uskayaw.
  1350 | D:2      | Found a stormy altar of Qazlal.
  2083 | D:3      | Reached XP level 5. HP: 42/42 MP: 5/5
  2292 | D:3      | Noticed vishdafish's ghost (amateur DrWr)
  2303 | D:3      | Killed vishdafish's ghost
  2303 | D:3      | Reached skill level 1 in Dodging
  2303 | D:3      | Reached XP level 6. HP: 33/49 MP: 6/6
  2342 | D:3      | Found a runed door.
  2342 | D:3      | Noticed an angel
  2343 | D:3      | Found a glowing golden altar of the Shining One.
  2728 | D:3      | Became a worshipper of the Shining One
  2729 | D:3      | Mangled by an angel

Vault maps used:
D:1:      roderic_crossed_star
D:2:      nemelex_xobeh_ov_fountains_minmay, dancing_weapons_uskayaw,
          nicolae_qazlal_eye_of_the_storm
D:3:      kennysheep_small_spiral, lemuel_angel_altar

Skill      XL: |  1  2  3  4  5 |
---------------+----------------+-----
Shields        | 4 |  4.8
Axes           | 3 4 |  4.1
Armour         | 4 |  4.0
Fighting       | 4 |  4.3
Dodging        | 1 |  1.2

Action                   |  1- 3 |  4- 6 || total
-------------------------+-------+-------++-------
Melee: War axe           |   144 |   129 ||   273
 Abil: Dig               |       |     2 ||     2
       Shaft Self        |       |     1 ||     1
  Use: Potion            |       |     1 ||     1
  Eat: Chunk             |       |     6 ||     6
Armor: Scale mail        |    57 |    79 ||   136
Dodge: Dodged            |    57 |    68 ||   125
Block: Shield            |    90 |    96 ||   186

Table legend:
 A = Spawn XP
 B = Non-spawn XP
 C = Spawn XP percentage of total XP
 D = Spawn monster count
 E = Non-spawn monster count
 F = Spawn count percentage of total count
 G = Total turns spent on level
                    A         B        C        D         E        F      G
               +---------+---------+-------+---------+---------+-------+---------
         Total |       0 |     352 |   0.0 |       0 |      72 |   0.0 |  2729
               +---------+---------+-------+---------+---------+-------+---------
           D:1 |       0 |      60 |   0.0 |       0 |      37 |   0.0 |  1003
           D:2 |       0 |      51 |   0.0 |       0 |      15 |   0.0 |   962
           D:3 |       0 |     241 |   0.0 |       0 |      20 |   0.0 |   764
               +---------+---------+-------+---------+---------+-------+---------
